 Dungeon Crawl Stone Soup version 0.30-a0-760-g5a9884bb7c (webtiles) character file.

Game seed: 2055945994331259557

26531 themarg the Severer (level 13, -5/113 HPs)
             Began as a Hill Orc Fighter on Feb 11, 2023.
             Was a High Priest of Okawaru.
             Slain by a catoblepas (24 damage)
             ... on level 2 of the Lair of Beasts.
             The game lasted 00:27:48 (15080 turns).

themarg the Severer (Hill Orc Fighter)             Turns: 15080, Time: 00:27:49

Health: -5/113     AC: 15    Str: 24    XL:     13   Next: 26%
Magic:  22/22      EV: 15    Int:  8    God:    Okawaru [*****.]
Gold:   1021       SH:  6    Dex: 16    Spells: 12/12 levels left

rFire   . . .      SeeInvis .    a - +0 war axe
rCold   . . .      Faith    .    c - +0 buckler
rNeg    . . .      Spirit   .    j - +0 plate armour
rPois   .          Reflect  .    k - +0 helmet
rElec   .          Harm     .    e - +2 cloak
rCorr   .          Rampage  .    (no gloves)
Will    .....                    (no boots) Stlth
                                 U - amulet of regeneration
HPRegen 1.18/turn                u - +5 ring of evasion
MPRegen 0.18/turn                y - +6 ring of dexterity

@: studying Short Blades
A: no striking features
a: Renounce Religion, Heroism, Finesse, Duel


You were on level 2 of the Lair of Beasts.
You worshipped Okawaru.
Okawaru was extremely pleased with you.
You visited 3 branches of the dungeon, and saw 15 of its levels.

You collected 1021 gold pieces.

Inventory:

Hand Weapons
 a - a +0 war axe (weapon)
 b - a +3 mace of draining
Missiles
 g - 141 stones
 w - 38 poisoned darts (quivered)
 E - 10 boomerangs
 I - a curare-tipped dart
 L - 5 silver javelins
 O - 6 atropa-tipped darts
 P - 5 javelins
Armour
 c - a +0 buckler (worn)
 e - a +2 cloak (worn)
 j - a +0 plate armour (worn)
 k - a +0 helmet (worn)
 Q - a +0 kite shield
 S - a +0 pair of gloves
Jewellery
 u - a +5 ring of evasion (left hand)
 y - a +6 ring of dexterity (right hand)
 U - an amulet of regeneration (around neck)
Wands
 l - a wand of acid (7)
 p - a wand of iceblast (6)
 B - a wand of flame (23)
 C - a wand of paralysis (23)
 R - a wand of mindburst (9)
Scrolls
 q - 3 scrolls of teleportation {unknown}
 t - 5 scrolls of fog
 x - a scroll of fear {unknown}
 z - 3 scrolls of vulnerability {unknown}
 A - 5 scrolls of noise {unknown}
 D - 2 scrolls of enchant weapon {unknown}
 F - 2 scrolls of poison {unknown}
 G - a scroll of silence {unknown}
 K - 3 scrolls of blinking {unknown}
 M - 3 scrolls of immolation {unknown}
 N - 3 scrolls of brand weapon {unknown}
 T - a scroll of butterflies {unknown}
Potions
 d - 4 potions of might
 f - 5 potions of lignification
 h - 2 potions of flight
 i - 3 potions of attraction
 m - 3 potions of mutation
 n - 7 potions of brilliance
 o - 8 potions of curing
 r - 2 potions of heal wounds
 s - 5 potions of haste
 v - 4 potions of magic
 H - 2 potions of cancellation {unknown}
 J - 4 potions of resistance {unknown}


   Skills:
 - Level 10.0 Fighting
 - Level 16.0 Axes
 - Level 6.0 Throwing
 - Level 3.2 Armour
 + Level 8.7 Dodging
 + Level 8.4 Shields
 - Level 12.0 Invocations


You had 12 spell levels left.
You didn't know any spells.
Your spell library contained the following spells:

 Spells                   Type           Power      Damage    Failure   Level
 Freeze                   Ice            0%         1d3       100%        1
 Magic Dart               Conj           0%         1d3       100%        1
 Frozen Ramparts          Ice            0%         1d1       100%        3
 Hailstorm                Conj/Ice       0%         3d3       100%        3
 Ignite Poison            Fire/Tmut/Pois 0%         N/A       100%        3
 Mephitic Cloud           Conj/Pois/Air  0%         N/A       100%        3
 Stone Arrow              Conj/Erth      0%         3d7       100%        3
 Cause Fear               Hex            0%         N/A       100%        4
 Sticky Flame             Conj/Fire      0%         2d3       100%        4
 Dragon Form              Tmut           0%         N/A       100%        7
 Ignition                 Fire           0%         3d3       100%        8
 Lehudib's Crystal Spear  Conj/Erth      0%         10d2      100%        8
 Call Imp                 Summ           Unusable   N/A       N/A         2
 Animate Armour           Summ/Erth      Unusable   N/A       N/A         4
 Dragon's Call            Summ           Unusable   N/A       N/A         9

Dungeon Overview and Level Annotations

Branches:
Dungeon (12/15)            Temple (1/1) D:7            Lair (2/5) D:11
    Orc (0/2) D:10
  Swamp: Lair:2-3    Shoals: Lair:2-3     Snake: Lair:2-3    Spider: Lair:2-3

Altars:
Ashenzari
Cheibriados
Dithmenos
Elyvilon
Fedhas
Gozag
Hepliaklqana
Kikubaaqudgha
Makhleb
Nemelex Xobeh
Okawaru
Qazlal
Ru
Sif Muna
Trog
Uskayaw
Vehumet
Wu Jian
Xom
Yredelemnul
Zin
The Shining One

Shops:
D:1 [   D:6 *


Message History

The catoblepas breathes a plume of calcifying dust at you.
The blast of calcifying dust hits you but does no damage.
You barely miss the catoblepas.
The catoblepas breathes a plume of calcifying dust at you.
The blast of calcifying dust hits you but does no damage.
The catoblepas attacks as you move away!
You block the catoblepas's attack.
You slash the catoblepas!
The catoblepas is lightly wounded.
The catoblepas gores you!
You hit the catoblepas.
The catoblepas is lightly wounded.
The catoblepas gores you!!
You slash the catoblepas!
The catoblepas is moderately wounded.
You slash the catoblepas!
The catoblepas is moderately wounded.
The catoblepas gores you!!
You completely miss the catoblepas.
The catoblepas is moderately wounded.
The catoblepas gores you!
You hit the catoblepas but do no damage.
The catoblepas is moderately wounded.
The catoblepas gores you!!
* * * LOW HITPOINT WARNING * * *
You completely miss the catoblepas.
The catoblepas is moderately wounded.
You barely miss the catoblepas.
The catoblepas is moderately wounded.
The catoblepas misses you.
You slash the catoblepas!
The catoblepas is heavily wounded.
The catoblepas breathes a plume of calcifying dust at you.
The blast of calcifying dust hits you.
* * * LOW HITPOINT WARNING * * *
The catoblepas breathes a plume of calcifying dust at you.
The blast of calcifying dust hits you.
* * * LOW HITPOINT WARNING * * *
The catoblepas gores you!!
You die...

#Y.## #. ..#.###.#
#..#PP.## .
#..!....#.# ....
#.$....#.##....
##?..........>
#.††.[........
###Y............
#.§§@.........P.
###.§..........##
##...§....÷###....
#....§............
####.§............
###............
###.#...!......P.
##.....#..........
##.....##..........


You could see a catoblepas.

Vanquished Creatures
  4 two-headed ogres
  2 boulder beetles (D:11)
  2 centaur warriors
  Nergalle (D:10)
  A glowing orange brain (shapeshifter) (D:8)
  A manticore (D:11)
  Maurice (D:9)
  9 elephants
  2 cane toads (Lair:2)
  A gargoyle (D:11)
  Joseph (D:8)
  A rime drake (Lair:2)
  A komodo dragon (Lair:1)
  5 trolls
  9 blink frogs (Lair:1)
  4 hornets
  3 slime creatures (D:12)
  27 yaks
  A vampire (D:8)
  A wraith (D:8)
  A basilisk (Lair:1)
  A steam dragon (D:8)
  8 vampire mosquitoes
  An acid dragon (D:10)
  5 water moccasins
  6 orc warriors
  2 ice beasts (D:5)
  6 black bears
  4 centaurs
  4 ogres
  A phantom (D:6)
  6 kobold brigands
  9 bullfrogs
  3 gnoll sergeants
  A scorpion (D:4)
  5 wights
  4 killer bees (D:9)
  The ghost of sircluck the Insei, a weakling MeTm (D:5)
  14 howler monkeys
  4 hounds
  4 jellies
  2 gnoll boudas
  2 orc priests
  Crazy Yiuf (D:7)
  3 iguanas
  2 orc wizards
  Terence (D:2)
  21 gnolls
  11 adders
  2 shadow imps
  3 white imps
  4 ufetubi
  3 worms
  The ghost of Esekla the Sneak, a weakling OpDe (D:5)
  5 dart slugs
  30 orcs
  9 endoplasms
  A giant cockroach (D:2)
  7 goblins
  9 hobgoblins
  2 jackals (D:2)
  A quokka (D:5)
  8 ball pythons
  8 bats
  3 frilled lizards
  20 kobolds
  3 rats
329 creatures vanquished.

Vanquished Creatures (others)
  24 fungi
  28 plants
52 creatures vanquished.

Grand Total: 381 creatures vanquished

Notes
Turn   | Place    | Note
-------+----------+-------------------------------------------
     0 | D:1      | themarg the Hill Orc Fighter began the quest for the Orb.
     0 | D:1      | Reached XP level 1. HP: 19/19 MP: 1/1
    47 | D:1      | Reached skill level 3 in Axes
    90 | D:1      | Reached XP level 2. HP: 25/27 MP: 2/2
   100 | D:1      | Found Girisime's Armour Boutique.
   433 | D:1      | Reached XP level 3. HP: 33/33 MP: 3/3
   491 | D:2      | Reached skill level 4 in Axes
   538 | D:2      | Noticed Terence
   549 | D:2      | Killed Terence
   556 | D:2      | Reached XP level 4. HP: 34/40 MP: 4/4
  1102 | D:2      | Reached skill level 5 in Axes
  1538 | D:3      | Reached XP level 5. HP: 43/47 MP: 5/5
  2058 | D:4      | Reached skill level 5 in Fighting
  2147 | D:4      | Reached skill level 6 in Axes
  2147 | D:4      | Reached XP level 6. HP: 56/56 MP: 6/6
  2424 | D:4      | Noticed a black bear
  2433 | D:4      | Killed a black bear
  2450 | D:4      | Reached skill level 7 in Axes
  2450 | D:4      | Reached skill level 5 in Shields
  2450 | D:4      | Reached XP level 7. HP: 61/61 MP: 7/7
  2592 | D:4      | Found a snail-covered altar of Cheibriados.
  2802 | D:5      | Entered Level 5 of the Dungeon
  3347 | D:5      | Noticed a two-headed ogre
  3359 | D:5      | Reached skill level 8 in Axes
  3395 | D:5      | Killed a two-headed ogre
  3396 | D:5      | Reached skill level 10 in Axes
  3396 | D:5      | Reached XP level 8. HP: 14/73 MP: 8/8
  3503 | D:5      | Reached skill level 11 in Axes
  3731 | D:5      | Reached XP level 9. HP: 77/81 MP: 9/9
  3960 | D:5      | Reached skill level 12 in Axes
  4140 | D:5      | Found a runed translucent gate.
  4140 | D:5      | Found a runed translucent gate.
  4142 | D:5      | Found a runed translucent gate.
  4146 | D:5      | Noticed Esekla's ghost (weakling OpDe)
  4146 | D:5      | Noticed sircluck's ghost (weakling MeTm)
  4161 | D:5      | Killed Esekla's ghost
  4165 | D:5      | Killed sircluck's ghost
  4489 | D:6      | Found Wuagarih's Assorted Antiques.
  4578 | D:6      | Reached skill level 13 in Axes
  5620 | D:7      | Found a staircase to the Ecumenical Temple.
  5631 | Temple   | Entered the Ecumenical Temple
  5855 | Temple   | Became a worshipper of Warmaster Okawaru
  6061 | D:7      | Found a sacrificial altar of Ru.
  6240 | D:7      | Found a sparkling altar of Nemelex Xobeh.
  6432 | D:7      | Found a runed translucent door.
  6433 | D:7      | Noticed Crazy Yiuf
  6442 | D:7      | Killed Crazy Yiuf
  6558 | D:8      | Noticed Joseph
  6558 | D:8      | Noticed a hornet
  6728 | D:8      | Reached skill level 14 in Axes
  6799 | D:8      | Reached XP level 10. HP: 73/93 MP: 10/10
  6811 | D:8      | Reached skill level 10 in Fighting
  6851 | D:8      | Killed Joseph
  6859 | D:8      | Reached skill level 15 in Axes
  6863 | D:8      | Reached * piety under Okawaru
  7258 | D:8      | Noticed a centaur warrior
  7272 | D:8      | Killed a centaur warrior
  7272 | D:8      | Reached ** piety under Okawaru
  7273 | D:8      | Reached skill level 16 in Axes
  7273 | D:8      | Reached skill level 1 in Throwing
  7273 | D:8      | Reached skill level 1 in Invocations
  7497 | D:8      | Reached skill level 1 in Dodging
  7706 | D:8      | Paralysed by a hornet for 2 turns
  7985 | D:8      | Noticed a glowing orange brain
  7999 | D:8      | Killed a glowing orange brain
  7999 | D:8      | Reached *** piety under Okawaru
  8032 | D:8      | Found a broken altar of Ashenzari.
  8197 | D:8      | Found a hazy altar of Hepliaklqana.
  8350 | D:9      | Noticed Maurice
  8361 | D:9      | Reached XP level 11. HP: 72/99 MP: 14/14
  8373 | D:9      | Reached skill level 5 in Invocations
  8378 | D:9      | Received a gift from Okawaru
  8386 | D:9      | Killed Maurice
  8730 | D:9      | Noticed a two-headed ogre
  8740 | D:9      | Killed a two-headed ogre
  8740 | D:9      | Reached **** piety under Okawaru
  8751 | D:9      | Received a gift from Okawaru
  8990 | D:9      | Found a shimmering altar of Xom.
  9182 | D:10     | Entered Level 10 of the Dungeon
  9199 | D:10     | Found an opulent altar of Gozag.
  9199 | D:10     | Found a burning altar of Makhleb.
  9248 | D:10     | Noticed Nergalle
  9257 | D:10     | Killed Nergalle
  9462 | D:10     | Found a staircase to the Orcish Mines.
  9480 | D:10     | Reached skill level 5 in Throwing
  9839 | D:10     | Found a stormy altar of Qazlal.
 10056 | D:10     | Noticed a centaur warrior
 10073 | D:10     | Killed a centaur warrior
 10074 | D:10     | Reached skill level 5 in Dodging
 10364 | D:10     | Received a gift from Okawaru
 10779 | D:11     | Noticed a boulder beetle
 10793 | D:11     | Killed a boulder beetle
 10799 | D:11     | Noticed a two-headed ogre
 10813 | D:11     | Killed a two-headed ogre
 10814 | D:11     | Reached XP level 12. HP: 72/106 MP: 18/18
 10889 | D:11     | Noticed a two-headed ogre
 10899 | D:11     | Killed a two-headed ogre
 10899 | D:11     | Received a gift from Okawaru
 11465 | D:11     | Noticed a boulder beetle
 11518 | D:11     | Reached skill level 10 in Invocations
 11525 | D:11     | Killed a boulder beetle
 11707 | D:11     | Found a staircase to the Lair.
 12559 | Lair:1   | Entered Level 1 of the Lair of Beasts
 12582 | Lair:1   | Received a gift from Okawaru
 12590 | Lair:1   | Reached ***** piety under Okawaru
 13929 | Lair:1   | Reached XP level 13. HP: 57/113 MP: 22/22
 14566 | Lair:2   | Received a gift from Okawaru
 15080 | Lair:2   | Slain by a catoblepas

Illustrated notes

Levels and vault maps discovered:
D:1:      dpeg_arrival_refuge, layout_basic, serial_shops, shop,
          nicolae_eternal_life, feat_on_display
D:2:      minmay_razor_zed, layout_basic, uniq_terence
D:3:      layout_rooms
D:4:      layout_cave_pools, chei_slow_surprise, minmay_misc_feat_tower
D:5:      minmay_diamond_boxcup, layout_loops_cross, gammafunk_ghost_cemetery,
          minmay_manual_mail
D:6:      kennysheep_six_static_rooms, layout_cave_pods, minmay_shop_grid_forest
D:7:      layout_basic, hangedman_ru_absence, nemelex_spade_bored_becter,
          minmay_temple_entry_statues_pillars, uniq_crazy_yiuf_cottage
D:8:      layout_basic, ashenzari_conservatory_becter,
          lemuel_coloured_pillars_altar, minmay_shattered_shrine, uniq_joseph
D:9:      layout_rooms, mainiacjoe_overflow_tiny_flanked, grunt_ministairs_13,
          kennysheep_generic_room_11, uniq_maurice
D:10:     layout_loops_cross, mainiacjoe_overflow_brackets,
          amethyst_overflow_temple_binary,
          kennysheep_orc_monster_closet_entryway, uniq_nergalle
D:11:     layout_long_grid, grunt_lair_entry_orc_guard_hut
D:12:     layout_cave_pods, hellmonk_guarded_unrand_dark_maul, uniq_jorgrun,
          uniq_josephine
Temple:   nicolae_temple_figure_eight
Lair:1:   layout_loops_ring, st_stairs_6, minmay_holes
Lair:2:   layout_layer_cave, lemuel_fruit_fields

Skill      XL: |  1  2  3  4  5  6  7  8  9 10 11 12 13 |
---------------+----------------------------------------+-----
Axes           | 3 4 5 6 7 10 11 14 16 | 16.0
Fighting       | 4 5 7 8 9 10 | 10.0
Shields        | 4 5 7 8 |  8.4
Throwing       | 3 6 |  6.0
Invocations    | 4 9 12 | 12.0
Dodging        | 2 5 7 8 |  8.7
Armour         | |  3.2

Action                     |  1- 3 |  4- 6 |  7- 9 | 10-12 | 13-15 || total
---------------------------+-------+-------+-------+-------+-------++-------
  Melee: War axe           |    48 |   166 |   260 |   739 |   118 ||  1331
         Unarmed           |       |       |    15 |       |       ||    15
  Throw: Throwing net      |       |     1 |       |       |       ||     1
         Boomerang         |       |       |       |     3 |       ||     3
         Dart              |       |       |       |    31 |       ||    31
 Invoke: Heroism           |       |       |       |     7 |     1 ||     8
         Finesse           |       |       |       |     4 |     1 ||     5
  Evoke: Wand              |       |       |       |     7 |       ||     7
    Use: Scroll            |       |     4 |     4 |     3 |       ||    11
         Potion            |       |       |     1 |     4 |       ||     5
   Stab: Held in net/web   |       |     1 |       |       |       ||     1
 Armour: Scale mail        |    14 |       |       |       |       ||    14
         Plate armour      |     7 |   126 |   129 |   234 |    29 ||   525
         Skin              |       |       |     5 |       |       ||     5
  Dodge: Dodged            |    12 |    55 |   123 |   358 |    46 ||   594
  Block: Buckler           |    12 |    43 |    60 |   140 |    24 ||   279

Table legend: (Time is in decaauts)
 A = Elapsed time spent in this place.
 B = Non-inter-level travel time spent in this place.
 C = Inter-level travel time spent in this place.
 D = Time resting spent in this place.
 E = Time spent auto-exploring this place.
 F = Levels seen in this place.
 G = Mean time per level.
                   A        B        C        D        E       F      G
               +--------+--------+--------+--------+--------+-----+--------+
         Total |  14863 |  14204 |    659 |    494 |  11548 |  15 |  990.9 |
       Dungeon |  12523 |  11918 |    605 |    322 |   9795 |  12 | 1043.6 |
        Temple |    243 |    201 |     42 |      0 |    198 |   1 |  243.0 |
          Lair |   2096 |   2084 |     12 |    172 |   1555 |   2 | 1048.0 |
               +--------+--------+--------+--------+--------+-----+--------+

Top non-repeatable levels by time:
     D:8: 1699 daAuts
  Lair:1: 1616 daAuts
    D:11: 1594 daAuts
    D:10: 1567 daAuts
     D:5: 1454 daAuts
     D:6: 1342 daAuts
     D:2: 935 daAuts
     D:9: 834 daAuts
     D:4: 814 daAuts
     D:7: 740 daAuts
     D:1: 584 daAuts
     D:3: 531 daAuts
  Lair:2: 480 daAuts
    D:12: 425 daAuts
  Temple: 243 daAuts
